 Dungeon Crawl Stone Soup version 0.29.1-2-gbd0b4ee654 (webtiles) character file.

Game seed: 1823271219504955036

6 onesockninja the Scratcher (level 1, 0/10 HPs)
             Began as a Felid Fighter on Oct 24, 2022.
             Slain by a frilled lizard (3 damage)
             ... on level 1 of the Dungeon.
             The game lasted 00:09:46 (315 turns).

onesockninja the Scratcher (Felid Fighter)           Turns: 315, Time: 00:09:47

Health: 0/10       AC:  1    Str: 12    XL:     1   Next: 75%
Magic:  2/2        EV: 18    Int:  9    God:
Gold:   40         SH:  0    Dex: 15    Spells: 0/0 levels left
                                        Lives:  0   Deaths: 0

rFire   . . .      SeeInvis +     - Unarmed
rCold   . . .      Faith    .   (shield unavailable)
rNeg    . . .      Spirit   .   (body armour unavailable)
rPois   .          Reflect  .   (helmet unavailable)
rElec   .          Harm     .   (cloak unavailable)
rCorr   .          Rampage  .   (gloves unavailable)
Will    .....                   (boots unavailable)
Stlth   +.........              (no amulet)
HPRegen 0.03/turn               (no ring)
MPRegen 0.08/turn               (no ring)

@: quick
A: very small, claws 1, fangs 3, see invisible, speed 1, shaggy fur 1, stealthy
paws, no weapons or thrown items, no armour, multi-lived
a: no special abilities


You were on level 1 of the Dungeon.
You visited 1 branch of the dungeon, and saw 1 of its levels.

You collected 40 gold pieces.

Inventory:

Hand Weapons
 a - a +0 short sword
 z - a +1 whip {vampire killer}
Armour
 b - a +0 leather armour
 d - a +0 robe
Scrolls
 e - 2 scrolls of identify {unknown}


   Skills:
 + Level 3.1 Fighting
 + Level 4.1 Dodging
 + Level 4.2 Unarmed Combat


You couldn't memorise any spells.
You didn't know any spells.
Your spell library contained the following spells:

 Spells                   Type           Power      Damage    Failure   Level
 Foxfire                  Conj/Fire      0%         2x1d4     38%         1
 Conjure Flame            Conj/Fire      0%         6-21      77%         3
 Inner Flame              Hex/Fire       0%         N/A       77%         3
 Flame Wave               Conj/Fire      0%         2d4       99%         4


Dungeon Overview and Level Annotations

Branches:
Dungeon (1/15)

Altars:


Innate Abilities, Weirdness & Mutations

You have sharp claws.
You have razor-sharp teeth.
You have supernaturally acute eyesight. (SInv)
You cover ground quickly. (Speed+)
You are covered in fur. (AC +1)
Your paws help you pounce on unaware monsters.
You are incapable of wielding weapons or throwing items.
You cannot wear armour.
You gain extra lives every three experience levels.


Message History

The hobgoblin barely misses you.
You scratch the hobgoblin but do no damage.
The hobgoblin hits you.
Ouch! That really hurt!
* * * LOW HITPOINT WARNING * * *
You scratch the hobgoblin. You claw the hobgoblin.
You kill the hobgoblin!
You see here a hobgoblin corpse.
You don't know any spells.
You don't know any spells.
You now have 25 gold pieces (gained 12).
Unknown command.
As you read the scroll labelled MEZILE LAONGY, it crumbles to dust.
You feel strangely unstable.
It was a scroll of teleportation.
Your surroundings suddenly seem different.
Found a stone staircase leading down.
A kobold comes into view. It is wielding a +0 short sword.
Found 15 gold pieces.
The kobold shouts!
The kobold hits you with a +0 short sword.
* * * LOW HITPOINT WARNING * * *
You closely miss the kobold. You bite the kobold.
The kobold is heavily wounded.
The kobold completely misses you.
You scratch the kobold.
You kill the kobold!
Things that are here:
a +0 short sword; 2 stones; a kobold corpse You now have 40 gold pieces (gained 15).
Things that are here:
a +0 short sword; 2 stones; a kobold corpse
a - a +0 short sword
Found a smoky ruby potion.
A frilled lizard comes into view.
The frilled lizard hisses angrily.
You see here a smoky ruby potion.
c - a smoky ruby potion It was a potion of cancellation.
You feel magically purged.
You barely miss the frilled lizard. The frilled lizard bites you.
You die...

#.##........
#.#####.##........
#.......##.#.....#
##.####..........
####..........
#.........##
.#.##......#####
#.........l.....#
###.#####@#####.#
# #.# ... #..##
.... #####


You could see a frilled lizard.

Vanquished Creatures
  2 hobgoblins (D:1)
  A kobold (D:1)
  A quokka (D:1)
  A bat (D:1)
5 creatures vanquished.

Notes
Turn   | Place    | Note
-------+----------+-------------------------------------------
     0 | D:1      | onesockninja the Felid Fighter began the quest for the Orb.
     0 | D:1      | Reached XP level 1. HP: 10/10 MP: 2/2
   315 | D:1      | Slain by a frilled lizard

Illustrated notes

Levels and vault maps discovered:
D:1:      eino_arrival_cavern_d, layout_loops_cross

Action                   || total
-------------------------++-------
Melee: Unarmed           ||    14
       Punch             ||     2
       Bite              ||     1
  Use: Scroll            ||     2
       Potion            ||     2
Armor: Skin              ||     1
Dodge: Dodged            ||     8
